 Dungeon Crawl Stone Soup version 0.19.4-8-ga85b6b9 (console) character file.

31199 Kloppie the Nimble (level 13, -7/160 HPs)
             Began as a Demonspawn Berserker on Feb 9, 2017.
             Was a High Priest of Trog.
             Mangled by a komodo dragon (22 damage)
             ... on level 4 of the Lair of Beasts.
             The game lasted 00:21:17 (13141 turns).

Kloppie the Nimble (Demonspawn Berserker)          Turns: 13141, Time: 00:21:18

Health: -7/160     AC: 14    Str: 28    XL:     13   Next: 24%
Magic:  5/13       EV: 21    Int:  7    God:    Trog [*****.]
Gold:   867        SH:  0    Dex: 18    Spells: 0 memorised, 12 levels left

rFire  + + .     SeeInvis .     b - +8 flail of Cucsakuk {elec, rElec}
rCold  + + .     Gourm    .     E - +1 leather armour of Onwauxt Jioc {rF+ Str+6}
rNeg   + . .     Faith    .     (no shield)
rPois  .         Spirit   .     C - +1 helmet
rElec  +         Reflect  .     y - +0 cloak
rCorr  .         Harm     .     p - +1 pair of gloves
MR     .....                    (no boots)
Stlth  ..........               (no amulet)
                                K - ring of Zadwayr {rElec rF+ rN+ Int-2 Stlth+}
                                F - ring of protection from cold

@: berserking, very quick
A: talons 1, icy blue scales 3, powered by death 1, spiny 2
a: Berserk, Trog's Hand, Brothers in Arms, Burn Spellbooks, Renounce Religion


You were on level 4 of the Lair of Beasts.
You worshipped Trog.
Trog was extremely pleased with you.
You were very hungry.

You visited 2 branches of the dungeon, and saw 14 of its levels.
You also visited: Sewer and Ice Cave.

You collected 867 gold pieces.

Inventory:

Hand Weapons
 a - a +3 antimagic great sword
 b - the +8 flail of Cucsakuk (weapon) {elec, rElec}
   (You found it on level 6 of the Dungeon)

   Occasionally, upon striking a foe, it will discharge some electrical energy
   and cause terrible harm.
   It insulates you from electricity.
 s - a +1 long sword
Armour
 p - a +1 pair of gloves (worn)
 y - a +0 cloak (worn)
 C - a +1 helmet (worn)
 E - the +1 leather armour of Onwauxt Jioc (worn) {rF+ Str+6}
   (You found it on level 2 of the Lair of Beasts)

   It affects your strength (+6).
   It protects you from fire.
 J - +0 mottled dragon scales
Jewellery
 h - an uncursed ring of resist corrosion
 q - an uncursed ring of protection from fire
 F - a ring of protection from cold (left hand)
 K - the ring of Zadwayr (right hand) {rElec rF+ rN+ Int-2 Stlth+}
   (You found it on level 8 of the Dungeon)

   [ring of protection from fire]

   It affects your intelligence (-2).
   It protects you from fire.
   It insulates you from electricity.
   It protects you from negative energy.
   It makes you more stealthy.
Wands
 r - a wand of digging (24/24)
 u - a wand of heal wounds (6/9)
 B - a wand of flame (31/48)
 D - a wand of iceblast (5/15)
Scrolls
 d - 10 scrolls of identify
 e - 3 scrolls of fear
 g - 7 scrolls of remove curse
 n - a scroll of enchant weapon
 v - a scroll of teleportation
 w - 5 scrolls of noise
 A - a scroll of blinking
 G - 5 scrolls of magic mapping
 H - a scroll of recharging
 I - a scroll of enchant armour
Potions
 f - a potion of haste
 i - a potion of heal wounds
 k - 5 potions of curing
 m - a potion of might
 z - 3 potions of flight
 L - a potion of invisibility
Books
 M - a book of Beasts

   Spells                             Type                      Level
   a - Summon Butterflies             Summoning                    1
   b - Call Canine Familiar           Summoning                    3
   c - Summon Ice Beast               Ice/Summoning                4
   d - Summon Mana Viper              Hexes/Summoning              5
   e - Summon Hydra                   Summoning                    7
   Trog disapproves of the use of such an item.
Comestibles
 c - 7 bread rations
 j - a royal jelly
 l - 35 fruits
 o - 3 meat rations
 t - a slice of pizza
 x - 4 beef jerkies


   Skills:
 * Level 11.6 Fighting
 + Level 12.2 Long Blades
 - Level 6.3 Armour
 - Level 12.2 Dodging


You had 12 spell levels left.
You didn't know any spells.

Dungeon Overview and Level Annotations

Branches:
Dungeon (10/15)            Temple (0/1) D:6            Lair (4/6) D:8
  Snake (0/4) Lair:3          Orc (0/2) D:9
  Swamp: Lair:2-4    Shoals: Lair:2-4

Altars:
Ashenzari
Elyvilon
Fedhas
Gozag
Hepliaklqana
Kikubaaqudgha
Nemelex Xobeh
Sif Muna
Trog
Uskayaw
Xom
Zin
The Shining One

Shops:
D:6 *

Annotations:
D:4 exclusion: oklob plant


Innate Abilities, Weirdness & Mutations

You have sharp toenails.
You are completely covered in icy blue scales. (AC +4, rC+)
You regenerate a little health from kills.
You are mostly covered in sharp spines.


Message History

You thump the komodo dragon!
You claw the komodo dragon, but do no damage.
The komodo dragon is almost dead.
The vampire mosquito is struck by your spines.
The vampire mosquito barely misses you.
The vampire mosquito completely misses you.
The komodo dragon bites you!!
* * * LOW HITPOINT WARNING * * *
The four-headed hydra misses you.
The four-headed hydra bites you but does no damage.
The four-headed hydra bites you!
* * * LOW HITPOINT WARNING * * *
The four-headed hydra bites you but does no damage.
You barely miss the komodo dragon. Your kick misses the komodo dragon.
The komodo dragon is almost dead.
The vampire mosquito is struck by your spines.
The vampire mosquito closely misses you.
The komodo dragon hisses menacingly.
The komodo dragon bites you!!
You die...

#P..##.####.........
##..P..#..#........#
#..................
#..................
#..................
#..........[.......
#................##
##..###..##......##
#.y@# ..#.#P......
#.Dl#.....#.....##
#.#yy# # . ###..#
.#P. #...## ...P.
#....##......
##...........
#.....y......
##...........


You could see a four-headed hydra, a komodo dragon and 3 vampire mosquitoes.

Vanquished Creatures
  A frost giant (IceCv)
  3 hydras
  Fannar (Lair:1)
  2 death yaks (IceCv)
  Pikel (D:6)
  2 hill giants (D:10)
  A cyclops (D:8)
  An ugly thing (D:10)
  An ice statue (IceCv)
  2 centaur zombies
  A torpor snail (Lair:2)
  2 black mambas
  2 spiny frogs (Lair:2)
  3 rime drakes
  A two-headed ogre (D:8)
  11 polar bears (IceCv)
  14 blink frogs
  5 hippogriffs
  A wyvern (Lair:3)
  A basilisk (Lair:2)
  The ghost of flsc the Chopper, an amateur MiBe of Trog (D:3)
  2 hungry ghosts
  31 yaks
  A mottled dragon (D:8)
  6 porcupines
  Duvessa (D:7)
  3 orc warriors
  2 water moccasins
  2 black bears
  3 slaves (D:6)
  A necrophage (D:8)
  An eye of draining (D:10)
  A phantom (D:4)
  5 ogres
  2 sky beasts
  27 wolves
  4 centaurs
  4 crocodiles
  A big kobold (D:9)
  12 bullfrogs
  A gnoll sergeant (D:7)
  Dowan (D:7)
  2 scorpions (D:8)
  3 vampire bats (D:7)
  A howler monkey (D:9)
  3 crimson imps
  A quasit (D:8)
  11 hounds
  6 jellies
  A centaur skeleton (D:6)
  4 orc priests
  9 orc wizards
  An iguana (D:9)
  Crazy Yiuf (D:7)
  A bullfrog skeleton (D:8)
  Ijyb (D:3)
  7 worker ants
  A killer bee zombie (D:8)
  A hound zombie (D:6)
  A hound skeleton (D:6)
  A howler monkey zombie (D:6)
  11 gnolls
  11 adders
  4 river rats (D:8)
  3 shadow imps
  6 white imps (Lair:1)
  9 oozes
  An adder skeleton (D:9)
  An adder zombie (D:9)
  3 worms
  A dart slug (D:1)
  14 leopard geckos
  14 orcs
  14 ball pythons
  2 bat skeletons (D:7)
  4 bat zombies (D:7)
  10 giant cockroaches
  13 goblins
  A hobgoblin (D:2)
  10 jackals
  5 kobolds
  4 quokkas
  15 bats
  15 frilled lizards
  2 jackal zombies
  23 rats
  A butterfly (Lair:1)
421 creatures vanquished.

Vanquished Creatures (collateral kills)
  A death yak (IceCv)
  Sonja (Lair:1)
  A polar bear (IceCv)
  5 yaks
  6 white imps (Lair:1)
14 creatures vanquished.

Vanquished Creatures (others)
  15 fungi (D:8)
  A plant (D:8)
16 creatures vanquished.

Grand Total: 451 creatures vanquished

Notes
Turn   | Place    | Note
-------+----------+-------------------------------------------
     0 | D:1      | Kloppie the Demonspawn Berserker began the quest for the Orb.
     0 | D:1      | Reached XP level 1. HP: 18/18 MP: 1/1
   193 | D:1      | Gained mutation: You are partially covered in icy blue scales. (AC +2) [demonic ancestry]
   193 | D:1      | Reached XP level 2. HP: 24/24 MP: 2/2
   828 | D:2      | Found a shattered altar of Ashenzari.
   888 | D:2      | Gained mutation: You are mostly covered in icy blue scales. (AC +3) [demonic ancestry]
   888 | D:2      | Reached XP level 3. HP: 20/30 MP: 3/3
  1344 | D:2      | Reached ** piety under Trog
  1922 | D:3      | Noticed flsc's ghost (amateur MiBe)
  1936 | D:3      | Killed flsc's ghost
  1936 | D:3      | Reached skill level 5 in Fighting
  1936 | D:3      | Gained mutation: You have sharp toenails. [demonic ancestry]
  1936 | D:3      | Reached XP level 4. HP: 39/39 MP: 4/4
  1936 | D:3      | Gained mutation: You are partially covered in sharp spines. [demonic ancestry]
  1936 | D:3      | Reached XP level 5. HP: 44/44 MP: 5/5
  2108 | D:3      | Noticed a moth of wrath
  2111 | D:3      | Found a bloodstained altar of Trog.
  2236 | D:4      | Noticed Ijyb
  2343 | D:3      | Killed Ijyb
  2400 | D:4      | Found a sparkling altar of Nemelex Xobeh.
  2436 | D:4      | Reached XP level 6. HP: 52/52 MP: 6/6
  2921 | D:4      | Got a clouded pewter ring
  2948 | D:4      | Found a blossoming altar of Fedhas.
  2967 | D:4      | Noticed an oklob plant
  3184 | D:4      | Found a deep blue altar of Sif Muna.
  3339 | D:4      | Identified the ring "Orhar" {Wiz Dex+3} (You found it on level 4 of the Dungeon)
  3383 | D:5      | Entered Level 5 of the Dungeon
  3458 | D:5      | Found a glowing drain.
  3463 | Sewer    | Entered a sewer
  3486 | Sewer    | Gained mutation: You are mostly covered in sharp spines. [demonic ancestry]
  3486 | Sewer    | Reached XP level 7. HP: 50/59 MP: 7/7
  3489 | Sewer    | Reached *** piety under Trog
  3649 | Sewer    | Reached skill level 5 in Long Blades
  3689 | Sewer    | Reached **** piety under Trog
  3924 | D:5      | Noticed a hungry ghost
  3929 | D:5      | Killed a hungry ghost
  4633 | D:6      | Noticed Pikel
  4648 | D:6      | Gained mutation: You are completely covered in icy blue scales. (AC +4, rC+) [demonic ancestry]
  4648 | D:6      | Reached XP level 8. HP: 59/65 MP: 8/8
  4687 | D:6      | Killed Pikel
  4687 | D:6      | Reached skill level 5 in Dodging
  4800 | D:6      | Found an opulent altar of Gozag.
  4800 | D:6      | Found Gozag's Platinum Reserve.
  4803 | D:6      | Got a shimmering flail
  5086 | D:6      | Found a staircase to the Ecumenical Temple.
  5214 | D:6      | Found a glowing golden altar of the Shining One.
  5310 | D:7      | Noticed Duvessa
  5310 | D:7      | Noticed Dowan
  5317 | D:7      | Killed Duvessa
  5320 | D:7      | Gained mutation: You regenerate a little health from kills. [demonic ancestry]
  5320 | D:7      | Reached XP level 9. HP: 71/71 MP: 9/9
  5331 | D:7      | Killed Dowan
  5386 | D:7      | Found a hide-covered altar of Uskayaw.
  5532 | D:7      | Found a runed door.
  5632 | D:7      | Found a glowing silver altar of Zin.
  5654 | D:7      | Found an ancient bone altar of Kikubaaqudgha.
  5882 | D:7      | Found a hazy altar of Hepliaklqana.
  5957 | D:7      | Noticed Crazy Yiuf
  5960 | D:7      | Killed Crazy Yiuf
  6074 | D:8      | Noticed a cyclops
  6167 | D:8      | Killed a cyclops
  6228 | D:8      | Reached XP level 10. HP: 67/80 MP: 10/10
  6457 | D:8      | Reached ***** piety under Trog
  6472 | D:8      | Got a distressingly furry chain mail
  6917 | D:8      | Found a staircase to the Lair.
  6943 | D:8      | Got a coiled glass ring
  7013 | D:8      | Identified the ring of Zadwayr {rElec rF+ rN+ Int-2 Stlth+} (You found it on level 8 of the Dungeon)
  7014 | D:8      | Identified the +8 flail of Cucsakuk {elec, rElec} (You found it on level 6 of the Dungeon)
  7015 | D:8      | Identified the cursed +0 chain mail of Tulips {Stlth+} (You found it on level 8 of the Dungeon)
  7045 | D:8      | Gained mutation: You are somewhat resistant to further mutation. [potion of mutation]
  7045 | D:8      | Gained mutation: You are weak. (Str -2) [potion of mutation]
  7046 | D:8      | Lost mutation: You are weak. (Str -2) [potion of cure mutation]
  7046 | D:8      | Lost mutation: You are somewhat resistant to further mutation. [potion of cure mutation]
  7196 | D:9      | Found a shimmering altar of Xom.
  7243 | D:9      | Found a shimmering altar of Xom.
  7386 | D:9      | You fall through a shaft!
  7386 | D:10     | Entered Level 10 of the Dungeon
  7434 | D:10     | Noticed a purple ugly thing
  7458 | D:10     | Killed a purple ugly thing
  7471 | D:10     | Noticed a hill giant
  7480 | D:10     | Killed a hill giant
  7480 | D:10     | Received a gift from Trog
  7481 | D:10     | Noticed a hill giant
  7488 | D:10     | Killed a hill giant
  7773 | D:10     | Reached XP level 11. HP: 90/90 MP: 11/11
  7877 | D:10     | Reached skill level 5 in Armour
  8424 | D:9      | Found a staircase to the Orcish Mines.
  8752 | Lair:1   | Entered Level 1 of the Lair of Beasts
  8754 | Lair:1   | Noticed Sonja
  8765 | Lair:1   | Killed Sonja
  8765 | Lair:1   | Reached skill level 10 in Long Blades
  8786 | Lair:1   | Found a frozen archway.
  8829 | IceCv    | Entered an ice cave
  9194 | IceCv    | Noticed a death yak
  9211 | IceCv    | Killed a death yak
  9350 | IceCv    | Reached skill level 10 in Dodging
  9550 | IceCv    | Noticed a death yak
  9556 | IceCv    | Reached XP level 12. HP: 92/97 MP: 12/12
  9592 | IceCv    | Killed a death yak
  9790 | IceCv    | Noticed a death yak
  9790 | IceCv    | Noticed a frost giant
  9812 | IceCv    | Killed a frost giant
  9831 | IceCv    | Killed a death yak
 10226 | Lair:1   | Noticed a five-headed hydra
 10243 | Lair:1   | Killed a five-headed hydra
 10696 | Lair:1   | Found a white marble altar of Elyvilon.
 10698 | Lair:1   | Noticed Fannar
 10755 | Lair:1   | Killed Fannar
 11243 | Lair:2   | Noticed a seven-headed hydra
 11253 | Lair:2   | Killed a seven-headed hydra
 11253 | Lair:2   | Reached skill level 10 in Fighting
 11452 | Lair:2   | Got a slimy leather armour
 11453 | Lair:2   | Identified the +1 leather armour of Onwauxt Jioc {rF+ Str+6} (You found it on level 2 of the Lair of Beasts)
 11959 | Lair:2   | Reached XP level 13. HP: 105/105 MP: 4/13
 12105 | Lair:3   | Found a staircase to the Snake Pit.
 12406 | Lair:3   | Received a gift from Trog
 13141 | Lair:4   | Mangled by a komodo dragon

Skill      XL: |  1  2  3  4  5  6  7  8  9 10 11 12 13 |
---------------+----------------------------------------+-----
Long Blades    | 3 4 5 6 8 9 10 11 12 | 12.2
Fighting       | 5 6 8 9 10 11 | 11.6
Dodging        | 4 6 8 10 12 | 12.2
Armour         | 4 6 |  6.3

Action                   |  1- 3 |  4- 6 |  7- 9 | 10-12 | 13-15 || total
-------------------------+-------+-------+-------+-------+-------++-------
Melee: Falchion          |   140 |    80 |   300 |    85 |       ||   605
       Kick              |       |    40 |   143 |   427 |    34 ||   644
       Long sword        |       |       |       |   605 |       ||   605
       Short sword       |       |       |       |    10 |       ||    10
       Flail             |       |       |       |     5 |     8 ||    13
       Great sword       |       |       |       |     3 |    65 ||    68
Invok: Berserk           |     2 |       |     6 |     6 |     1 ||    15
       Trog's Hand       |       |       |     1 |     2 |     1 ||     4
       Brothers in Arms  |       |       |       |     2 |       ||     2
  Use: Scroll            |       |     5 |     9 |     7 |       ||    21
       Potion            |       |       |       |    13 |       ||    13
 Stab: Sleeping          |       |       |       |     9 |     1 ||    10
       Distracted        |       |       |       |     1 |       ||     1
  Eat: Chunk             |     4 |     3 |    15 |    21 |     5 ||    48
       Meat ration       |       |     1 |       |     1 |       ||     2
Armor: Ring mail         |    38 |    36 |   124 |    21 |       ||   219
       Mottled dragon sc |       |       |       |   195 |       ||   195
       Leather armour    |       |       |       |    15 |    17 ||    32
Dodge: Dodged            |    91 |    55 |   236 |   627 |    92 ||  1101
       Rpst.: Falchion   |    35 |    25 |    70 |    18 |       ||   148
       Long sword        |       |       |       |   116 |       ||   116
       Great sword       |       |       |       |     1 |    29 ||    30
